TOP OF THE 1ST |
University of Toronto Marlies batting - Pitching for UCLA Bruins : RHP Raymundo Pato
|
Pitching: RHP Raymundo Pato
|
|
Batting: RHB Kekoa Kahele
|
0-0: Ground out 4-3 (Groundball, 4D, EV 86.2 MPH)
|
Batting: RHB Yuusei Narita
|
0-0: Foul Ball, location: 2F 0-1: Hit by Pitch
|
Batting: RHB Simon Van Steenwyk
|
0-0: Ball 1-0: Called Strike 1-1: Swinging Strike 1-2: Ball 2-2: Ball 3-2: Foul Ball, location: 2F 3-2: Foul Ball, location: 2F 3-2: Base on Balls Yuusei Narita to second
|
Batting: RHB Francisco Marin
|
0-0: Foul Ball, location: 2F 0-1: Swinging Strike 0-2: Grounds into double play, 4-6-3 (Groundball, 4, EV 86.9 MPH)
|
Top of the 1st over - 0 runs, 0 hits, 0 errors, 1 left on base; University of Toronto 0 - UCLA 0 |
BOTTOM OF THE 1ST |
UCLA Bruins batting - Pitching for University of Toronto Marlies : RHP Adam McBride
|
Pitching: RHP Adam McBride
|
|
Batting: RHB Lorenzo Diaz
|
0-0: Ball 1-0: Ground out 5-3 (Groundball, 56S, EV 95.6 MPH)
|
Batting: RHB Manny Olave
|
0-0: Ball 1-0: Called Strike 1-1: Ball 2-1: Ball 3-1: Base on Balls
|
Batting: RHB Amir Christy
|
0-0: Called Strike 0-1: SINGLE (Flyball, 4D, EV 85.6 MPH) Manny Olave to second
|
Batting: RHB Don Burt
|
0-0: Ball 1-0: Ball 2-0: Foul Ball, location: 2F 2-1: Called Strike 2-2: Ball 3-2: Base on Balls Manny Olave to third Amir Christy to second
|
Batting: LHB Alex Larangho
|
0-0: Called Strike 0-1: Foul Ball, location: 2F 0-2: Ball 1-2: Ball 2-2: Foul Ball, location: 2F 2-2: Ball 3-2: Base on Balls Manny Olave scores Amir Christy to third Don Burt to second
|
Batting: RHB Ken Stair
|
0-0: Called Strike 0-1: Grounds into double play, U5-3 (Groundball, 5L, EV 100.0 MPH)
|
Bottom of the 1st over - 1 run, 1 hit, 0 errors, 2 left on base; University of Toronto 0 - UCLA 1 |
TOP OF THE 2ND |
University of Toronto Marlies batting - Pitching for UCLA Bruins : RHP Raymundo Pato
|
Batting: RHB Nate Henderson
|
0-0: Foul Ball, location: 2F 0-1: Ball 1-1: Foul Ball, location: 2F 1-2: Ball 2-2: Ground out 4-3 (Groundball, 4, EV 90.0 MPH)
|
Batting: SHB Jason Todd
|
0-0: Called Strike 0-1: Ball 1-1: Called Strike 1-2: Fly out, F8 (Line Drive, 8RM, EV 108.1 MPH)
|
Batting: RHB Quan Tai
|
0-0: Swinging Strike 0-1: Called Strike 0-2: Ball 1-2: Strikes out looking
|
Top of the 2nd over - 0 runs, 0 hits, 0 errors, 0 left on base; University of Toronto 0 - UCLA 1 |
BOTTOM OF THE 2ND |
UCLA Bruins batting - Pitching for University of Toronto Marlies : RHP Adam McBride
|
Batting: RHB Oscar Ferrer
|
0-0: Ball 1-0: Reached on error, E6 (Groundball, 6M, EV 87.5 MPH)
|
Batting: RHB Isaiah Hampton
|
0-0: Called Strike 0-1: Ball 1-1: Ball 2-1: Ball 3-1: Base on Balls Oscar Ferrer to second
|
Batting: SHB Chris Escalante
|
0-0: Foul Ball, location: 2F 0-1: Fly out, F9 (Flyball, 9LS, EV 85.0 MPH)
|
Batting: RHB Lorenzo Diaz
|
0-0: Ball 1-0: Foul Ball, location: 2F 1-1: Ball 2-1: Foul Ball, location: 2F 2-2: Foul Ball, location: 2F 2-2: Foul Ball, location: 2F 2-2: Ball 3-2: Reached on error, E6 (Groundball, 6, EV 103.1 MPH) Oscar Ferrer to third Isaiah Hampton to second
|
Batting: RHB Manny Olave
|
0-0: Swinging Strike 0-1: Ball 1-1: Ball 2-1: Swinging Strike 2-2: Strikes out swinging
|
Batting: RHB Amir Christy
|
0-0: Ball 1-0: Foul Ball, location: 2F 1-1: Fly out, F6 (Popup, 4M, EV 56.9 MPH)
|
Bottom of the 2nd over - 0 runs, 0 hits, 2 errors, 3 left on base; University of Toronto 0 - UCLA 1 |
TOP OF THE 3RD |
University of Toronto Marlies batting - Pitching for UCLA Bruins : RHP Raymundo Pato
|
Batting: RHB Malcolm McCauley
|
0-0: Ball 1-0: Ball 2-0: Fly out, F4 (Flyball, 34D, EV 87.5 MPH)
|
Pitching: LHP Hiroshi Matsuda
|
|
Batting: RHB Shi-fu Cuan
|
0-0: SINGLE (Flyball, 4D, EV 89.4 MPH)
|
Batting: RHB Kekoa Kahele
|
0-0: Fly out, F3 (Popup, 3F, EV 71.2 MPH)
|
Batting: RHB Yuusei Narita
|
0-0: Ball 1-0: Ball 2-0: Ball 3-0: Base on Balls Shi-fu Cuan to second
|
Batting: RHB Simon Van Steenwyk
|
0-0: Called Strike 0-1: Foul Ball, location: 2F 0-2: Ball 1-2: Foul Ball, location: 2F 1-2: Foul Ball, location: 2F 1-2: SINGLE (Line Drive, 8RS, EV 103.8 MPH) Shi-fu Cuan to third Yuusei Narita to second
|
Batting: RHB Francisco Marin
|
0-0: Swinging Strike 0-1: Swinging Strike 0-2: Ball 1-2: Strikes out swinging
|
Top of the 3rd over - 0 runs, 2 hits, 0 errors, 3 left on base; University of Toronto 0 - UCLA 1 |
BOTTOM OF THE 3RD |
UCLA Bruins batting - Pitching for University of Toronto Marlies : RHP Adam McBride
|
Batting: RHB Don Burt
|
0-0: Called Strike 0-1: Ground out U3 (Groundball, 13, EV 84.4 MPH)
|
Batting: LHB Alex Larangho
|
0-0: Foul Ball, location: 2F 0-1: Foul Ball, location: 2F 0-2: Foul Ball, location: 2F 0-2: Foul Ball, location: 2F 0-2: Ball 1-2: Foul Ball, location: 2F 1-2: Ball 2-2: Ground out 6-3 (Groundball, 6, EV 101.2 MPH)
|
Batting: RHB Ken Stair
|
0-0: Ball 1-0: Foul Ball, location: 2F 1-1: Foul Ball, location: 2F 1-2: Ball 2-2: Fly out, F8 (Flyball, 8LD, EV 97.5 MPH)
|
Bottom of the 3rd over - 0 runs, 0 hits, 0 errors, 0 left on base; University of Toronto 0 - UCLA 1 |
TOP OF THE 4TH |
University of Toronto Marlies batting - Pitching for UCLA Bruins : LHP Hiroshi Matsuda
|
Batting: RHB Nate Henderson
|
0-0: Ball 1-0: Ball 2-0: Called Strike 2-1: Foul Ball, location: 2F 2-2: Ball 3-2: SINGLE (Groundball, 6MD, EV 99.4 MPH)
|
Batting: SHB Jason Todd
|
0-0: Ball 1-0: Ball 2-0: Foul Ball, location: 2F 2-1: Foul Ball, location: 2F 2-2: Ball 3-2: Foul Ball, location: 2F 3-2: Fielders Choice at 2nd, 4-6 (Groundball, 4, EV 106.2 MPH)
|
Pitching: LHP Danny Ayala
|
|
Batting: RHB Quan Tai
|
0-0: Ball 1-0: Fly out, F4 (Popup, 34, EV 66.9 MPH)
|
Batting: RHB Malcolm McCauley
|
0-0: Ball 1-0: Foul Ball, location: 2F 1-1: Ball 2-1: Foul Ball, location: 2F 2-2: Ball 3-2: Strikes out looking
|
Top of the 4th over - 0 runs, 1 hit, 0 errors, 1 left on base; University of Toronto 0 - UCLA 1 |
BOTTOM OF THE 4TH |
UCLA Bruins batting - Pitching for University of Toronto Marlies : RHP Adam McBride
|
Batting: RHB Oscar Ferrer
|
0-0: Called Strike 0-1: Ball 1-1: Ball 2-1: Swinging Strike 2-2: Ball 3-2: Base on Balls
|
Batting: RHB Isaiah Hampton
|
0-0: Called Strike 0-1: Ball Wild Pitch! Oscar Ferrer to second 1-1: Foul Ball, location: 2F 1-2: Ground out 6-3 (Groundball, 6S, EV 78.1 MPH) Oscar Ferrer to third
|
Batting: SHB Chris Escalante
|
0-0: Called Strike 0-1: Ground out 4-3 (Groundball, 34, EV 102.5 MPH) Oscar Ferrer scores
|
Batting: RHB Lorenzo Diaz
|
0-0: Ball 1-0: SINGLE (Line Drive, 8RS, EV 105.0 MPH)
|
Pitching: RHP Olegário Salsinha
|
|
Batting: RHB Manny Olave
|
0-0: Called Strike 0-1: Fly out, F4 (Popup, 4, EV 65.0 MPH)
|
Bottom of the 4th over - 1 run, 1 hit, 0 errors, 1 left on base; University of Toronto 0 - UCLA 2 |
TOP OF THE 5TH |
University of Toronto Marlies batting - Pitching for UCLA Bruins : LHP Danny Ayala
|
Batting: RHB Shi-fu Cuan
|
0-0: Swinging Strike 0-1: Swinging Strike 0-2: Ball 1-2: Strikes out looking
|
Batting: RHB Kekoa Kahele
|
0-0: Ball 1-0: Foul Ball, location: 2F 1-1: Foul Ball, location: 2F 1-2: Foul Ball, location: 2F 1-2: Ball 2-2: Ball 3-2: Fly out, F9 (Flyball, 89S, EV 86.2 MPH)
|
Batting: RHB Yuusei Narita
|
0-0: Foul Ball, location: 2F 0-1: Foul Ball, location: 2F 0-2: Ball 1-2: SINGLE (Groundball, 56D, EV 111.2 MPH)
|
Batting: RHB Simon Van Steenwyk
|
0-0: Ball 1-0: Called Strike 1-1: Foul Ball, location: 2F 1-2: Fly out, F8 (Flyball, 8LS, EV 92.5 MPH)
|
Top of the 5th over - 0 runs, 1 hit, 0 errors, 1 left on base; University of Toronto 0 - UCLA 2 |
BOTTOM OF THE 5TH |
UCLA Bruins batting - Pitching for University of Toronto Marlies : RHP Olegário Salsinha
|
Batting: RHB Amir Christy
|
0-0: Ball 1-0: Ball 2-0: Fly out, F1 (Line Drive, P, EV 70.6 MPH)
|
Batting: RHB Don Burt
|
0-0: SINGLE (Line Drive, 56D, EV 102.5 MPH)
|
Batting: LHB Alex Larangho
|
0-0: Ball 1-0: SINGLE (Line Drive, 7S, EV 93.1 MPH) Don Burt to second Runner from 2nd tries for 3rd, SAFE, no throw by LF
|
Batting: RHB Ken Stair
|
0-0: Ball 1-0: Ball 2-0: Called Strike 2-1: Fly out, F3 (Popup, 3L, EV 75.6 MPH)
|
Batting: RHB Oscar Ferrer
|
0-0: Ball 1-0: SINGLE (Line Drive, 6M, EV 94.4 MPH) Don Burt scores Alex Larangho to second
|
Batting: RHB Isaiah Hampton
|
0-0: Ball 1-0: Fly out, F8 (Line Drive, 8LD, EV 105.0 MPH)
|
Bottom of the 5th over - 1 run, 3 hits, 0 errors, 2 left on base; University of Toronto 0 - UCLA 3 |
TOP OF THE 6TH |
University of Toronto Marlies batting - Pitching for UCLA Bruins : LHP Danny Ayala
|
Batting: RHB Francisco Marin
|
0-0: Ball 1-0: Ball 2-0: Ball 3-0: Called Strike 3-1: Foul Ball, location: 2F 3-2: Foul Ball, location: 2F 3-2: Fly out, F3 (Popup, 3, EV 62.5 MPH)
|
Pitching: RHP Gerardo Diaz
|
|
Batting: RHB Nate Henderson
|
0-0: Ball 1-0: Called Strike 1-1: Ball 2-1: Swinging Strike 2-2: Foul Ball, location: 2F 2-2: Foul Ball, location: 2F 2-2: Ball 3-2: SINGLE (Groundball, 6MS, EV 83.8 MPH) (infield hit)
|
Batting: SHB Jason Todd
|
0-0: Called Strike 0-1: Ball 1-1: Called Strike 1-2: Ball 2-2: Ball 3-2: Foul Ball, location: 2F 3-2: Foul Ball, location: 2F 3-2: Fly out, F4 (Popup, 4MD, EV 66.2 MPH)
|
Batting: RHB Quan Tai
|
0-0: Called Strike 0-1: 2-RUN HOME RUN (Line Drive, 7D, EV 108.1 MPH), Distance : 385 ft
|
Batting: RHB Malcolm McCauley
|
0-0: Foul Ball, location: 2F 0-1: Ball 1-1: Ball 2-1: Foul Ball, location: 2F 2-2: Fly out, F8 (Flyball, 89D, EV 101.9 MPH)
|
Top of the 6th over - 2 runs, 2 hits, 0 errors, 0 left on base; University of Toronto 2 - UCLA 3 |
BOTTOM OF THE 6TH |
UCLA Bruins batting - Pitching for University of Toronto Marlies : RHP Olegário Salsinha
|
Batting: SHB Chris Escalante
|
0-0: Fly out, F7 (Flyball, 7, EV 85.6 MPH)
|
Batting: RHB Lorenzo Diaz
|
0-0: Ball 1-0: Foul Ball, location: 2F 1-1: Called Strike 1-2: Ground out U3 (Groundball, 3S, EV 65.6 MPH)
|
Batting: RHB Manny Olave
|
0-0: Ball 1-0: Ball 2-0: Called Strike 2-1: Fly out, F7 (Flyball, 7LS, EV 79.4 MPH)
|
Bottom of the 6th over - 0 runs, 0 hits, 0 errors, 0 left on base; University of Toronto 2 - UCLA 3 |
TOP OF THE 7TH |
University of Toronto Marlies batting - Pitching for UCLA Bruins : RHP Gerardo Diaz
|
Pitching: RHP Kyle Meade
|
|
Pinch Hitting: SHB Karl Starnes
|
0-0: Called Strike 0-1: Swinging Strike 0-2: Strikes out swinging
|
Batting: RHB Kekoa Kahele
|
0-0: Ball 1-0: Called Strike 1-1: Foul Ball, location: 2F 1-2: SINGLE (Flyball, 3D, EV 87.5 MPH)
|
Batting: RHB Yuusei Narita
|
0-0: Fly out, F9 (Flyball, 9LS, EV 75.6 MPH)
|
Batting: RHB Simon Van Steenwyk
|
0-0: Swinging Strike 0-1: Ball 1-1: Ball 2-1: SINGLE (Groundball, 4MD, EV 97.5 MPH) Kekoa Kahele to second Runner from 2nd tries for 3rd, SAFE, throw by CF made to third
|
Batting: RHB Francisco Marin
|
0-0: Ball 1-0: Swinging Strike 1-1: Foul Ball, location: 2F 1-2: Ball 2-2: Ball 3-2: SINGLE (Groundball, 6D, EV 102.5 MPH) Kekoa Kahele scores Simon Van Steenwyk to second Simon Van Steenwyk to third
|
Batting: RHB Nate Henderson
|
0-0: Ball 1-0: Called Strike 1-1: Called Strike 1-2: Fly out, F3 (Popup, 34, EV 77.5 MPH)
|
Top of the 7th over - 1 run, 3 hits, 0 errors, 2 left on base; University of Toronto 3 - UCLA 3 |
BOTTOM OF THE 7TH |
UCLA Bruins batting - Pitching for University of Toronto Marlies : RHP Olegário Salsinha
|
Now at SS: Karl Starnes
|
|
Batting: RHB Amir Christy
|
0-0: Ball 1-0: Called Strike 1-1: Ball 2-1: Foul Ball, location: 2F 2-2: Ball 3-2: Fly out, F9 (Flyball, 89D, EV 103.8 MPH)
|
Batting: RHB Don Burt
|
0-0: Called Strike 0-1: Ball 1-1: Called Strike 1-2: Fly out, F9 (Line Drive, 9D, EV 90.0 MPH)
|
Batting: LHB Alex Larangho
|
0-0: Ball 1-0: Fly out, F8 (Flyball, 8LS, EV 85.0 MPH)
|
Bottom of the 7th over - 0 runs, 0 hits, 0 errors, 0 left on base; University of Toronto 3 - UCLA 3 |
TOP OF THE 8TH |
University of Toronto Marlies batting - Pitching for UCLA Bruins : RHP Kyle Meade
|
Pitching: LHP Keith O'Brien
|
|
Batting: SHB Jason Todd
|
0-0: Swinging Strike 0-1: Ball 1-1: Foul Ball, location: 2F 1-2: Strikes out swinging
|
Batting: RHB Quan Tai
|
0-0: Ball 1-0: Called Strike 1-1: Ground out 6-3 (Groundball, 6M, EV 85.0 MPH)
|
Pinch Hitting: RHB Tacito Carreiro
|
0-0: Ball 1-0: Ball 2-0: Ball 3-0: Called Strike 3-1: Ground out 6-3 (Groundball, 6, EV 101.9 MPH)
|
Top of the 8th over - 0 runs, 0 hits, 0 errors, 0 left on base; University of Toronto 3 - UCLA 3 |
BOTTOM OF THE 8TH |
UCLA Bruins batting - Pitching for University of Toronto Marlies : RHP Olegário Salsinha
|
Pitching: RHP Tony Machado
|
|
Now in CF: Juan Ordonez
|
|
Batting: RHB Ken Stair
|
0-0: Foul Ball, location: 2F 0-1: Foul Ball, location: 2F 0-2: Strikes out swinging
|
Pinch Hitting: LHB Xue-liang Zhou
|
0-0: Ball 1-0: Ball 2-0: Ball 3-0: Called Strike 3-1: Foul Ball, location: 2F 3-2: Base on Balls
|
Batting: RHB Isaiah Hampton
|
0-0: Fly out, F7 (Flyball, 7LD, EV 89.4 MPH)
|
Batting: SHB Chris Escalante
|
0-0: Ground out U3 (Groundball, 3L, EV 78.8 MPH)
|
Bottom of the 8th over - 0 runs, 0 hits, 0 errors, 1 left on base; University of Toronto 3 - UCLA 3 |
TOP OF THE 9TH |
University of Toronto Marlies batting - Pitching for UCLA Bruins : LHP Keith O'Brien
|
Now at 2B: Terciero Ortiz
|
|
Batting: SHB Karl Starnes
|
0-0: Foul Ball, location: 2F 0-1: Ball 1-1: Ball 2-1: Foul Ball, location: 2F 2-2: Foul Ball, location: 2F 2-2: Foul Ball, location: 2F 2-2: Ball 3-2: Fly out, F9 (Flyball, 9D, EV 100.6 MPH)
|
Batting: RHB Kekoa Kahele
|
0-0: Ball 1-0: Ground out 4-3 (Groundball, 4, EV 91.9 MPH)
|
Batting: RHB Yuusei Narita
|
0-0: Called Strike 0-1: Foul Ball, location: 2F 0-2: SINGLE (Flyball, 8LS, EV 88.8 MPH)
|
Batting: RHB Simon Van Steenwyk
|
0-0: Foul Ball, location: 2F 0-1: Swinging Strike 0-2: Ball 1-2: Ball 2-2: SINGLE (Groundball, 6D, EV 98.1 MPH) Yuusei Narita to second
|
Batting: RHB Francisco Marin
|
0-0: Fly out, F7 (Flyball, 7D, EV 88.8 MPH)
|
Top of the 9th over - 0 runs, 2 hits, 0 errors, 2 left on base; University of Toronto 3 - UCLA 3 |
BOTTOM OF THE 9TH |
UCLA Bruins batting - Pitching for University of Toronto Marlies : RHP Tony Machado
|
Batting: RHB Lorenzo Diaz
|
0-0: Ground out 1-3 (Groundball, 15S, EV 66.9 MPH)
|
Batting: RHB Manny Olave
|
0-0: Called Strike 0-1: Ball 1-1: Ball 2-1: Ground out 5-3 (Groundball, 56, EV 86.2 MPH)
|
Batting: RHB Amir Christy
|
0-0: Ball 1-0: Foul Ball, location: 2F 1-1: SINGLE (Line Drive, 34D, EV 98.1 MPH)
|
Batting: RHB Don Burt
|
0-0: Ground out U3 (Groundball, 34, EV 92.5 MPH)
|
Bottom of the 9th over - 0 runs, 1 hit, 0 errors, 1 left on base; University of Toronto 3 - UCLA 3 |
TOP OF THE 10TH |
University of Toronto Marlies batting - Pitching for UCLA Bruins : LHP Keith O'Brien
|
Pitching: RHP Dave Williams
|
|
Batting: RHB Nate Henderson
|
0-0: Foul Ball, location: 2F 0-1: Called Strike 0-2: Ball 1-2: Ball 2-2: Foul Ball, location: 2F 2-2: Ball 3-2: Foul Ball, location: 2F 3-2: Fly out, F3 (Popup, 3S, EV 76.2 MPH)
|
Batting: SHB Jason Todd
|
0-0: Called Strike 0-1: Ball 1-1: Ball 2-1: Foul Ball, location: 2F 2-2: Strikes out swinging
|
Batting: RHB Quan Tai
|
0-0: Swinging Strike 0-1: Fly out, F3 (Flyball, 3D, EV 86.2 MPH)
|
Top of the 10th over - 0 runs, 0 hits, 0 errors, 0 left on base; University of Toronto 3 - UCLA 3 |
BOTTOM OF THE 10TH |
UCLA Bruins batting - Pitching for University of Toronto Marlies : RHP Tony Machado
|
Pitching: RHP Troy Hutch
|
|
Batting: LHB Alex Larangho
|
0-0: Ball 1-0: Called Strike 1-1: Ball 2-1: Foul Ball, location: 2F 2-2: SINGLE (Line Drive, 6D, EV 99.4 MPH)
|
Batting: RHB Ken Stair
|
0-0: Called Strike 0-1: Swinging Strike 0-2: Strikes out looking
|
Pinch Hitting: RHB Ricky Alvarado
|
0-0: Ground out 5-3 (Groundball, 56S, EV 75.6 MPH) Alex Larangho to second
|
Batting: RHB Isaiah Hampton
|
0-0: Intentional Walk
|
Batting: SHB Chris Escalante
|
0-0: Swinging Strike 0-1: Fly out, F8 (Flyball, 8LS, EV 93.1 MPH)
|
Bottom of the 10th over - 0 runs, 1 hit, 0 errors, 2 left on base; University of Toronto 3 - UCLA 3 |
TOP OF THE 11TH |
University of Toronto Marlies batting - Pitching for UCLA Bruins : RHP Dave Williams
|
Now at 2B: Jack Stadner
|
|
Batting: RHB Juan Ordonez
|
0-0: Ball 1-0: Ball 2-0: Ground out 4-3 (Groundball, 4, EV 88.8 MPH)
|
Batting: SHB Karl Starnes
|
0-0: Foul Ball, location: 2F 0-1: Ball 1-1: Fly out, F1 (Line Drive, P, EV 71.2 MPH)
|
Batting: RHB Kekoa Kahele
|
0-0: Called Strike 0-1: Ball 1-1: Ball 2-1: Swinging Strike 2-2: Foul Ball, location: 2F 2-2: Fly out, F8 (Line Drive, 8LD, EV 86.9 MPH)
|
Top of the 11th over - 0 runs, 0 hits, 0 errors, 0 left on base; University of Toronto 3 - UCLA 3 |
BOTTOM OF THE 11TH |
UCLA Bruins batting - Pitching for University of Toronto Marlies : RHP Troy Hutch
|
Batting: RHB Lorenzo Diaz
|
0-0: Ball 1-0: Foul Ball, location: 2F 1-1: SINGLE (Groundball, 6MD, EV 103.8 MPH)
|
Batting: RHB Manny Olave
|
0-0: Ball 1-0: Fielders Choice at 2nd, 5-4 (Groundball, 56, EV 85.0 MPH)
|
Batting: RHB Amir Christy
|
0-0: Fly out, F9 (Flyball, 9LS, EV 78.8 MPH)
|
Batting: RHB Don Burt
|
0-0: Fly out, F7 (Flyball, 78M, EV 92.5 MPH)
|
Bottom of the 11th over - 0 runs, 1 hit, 0 errors, 1 left on base; University of Toronto 3 - UCLA 3 |
TOP OF THE 12TH |
University of Toronto Marlies batting - Pitching for UCLA Bruins : RHP Dave Williams
|
Batting: RHB Yuusei Narita
|
0-0: Ball 1-0: Ground out 4-3 (Groundball, 4D, EV 88.8 MPH)
|
Batting: RHB Simon Van Steenwyk
|
0-0: Ball 1-0: Foul Ball, location: 2F 1-1: Ball 2-1: Foul Ball, location: 2F 2-2: Ball 3-2: Strikes out swinging
|
Batting: RHB Francisco Marin
|
0-0: Called Strike 0-1: Ball 1-1: Foul Ball, location: 2F 1-2: Ball 2-2: Strikes out swinging
|
Top of the 12th over - 0 runs, 0 hits, 0 errors, 0 left on base; University of Toronto 3 - UCLA 3 |
BOTTOM OF THE 12TH |
UCLA Bruins batting - Pitching for University of Toronto Marlies : RHP Troy Hutch
|
Batting: LHB Alex Larangho
|
0-0: Ball 1-0: Foul Ball, location: 2F 1-1: Ball 2-1: Foul Ball, location: 2F 2-2: Strikes out swinging
|
Batting: RHB Ken Stair
|
0-0: Ball 1-0: SOLO HOME RUN (Flyball, 7LD, EV 94.4 MPH), Distance : 343 ft
|
Bottom of the 12th over - 1 run, 1 hit, 0 errors, 0 left on base; University of Toronto 3 - UCLA 4 |
|
Game Over ... UCLA defeats University of Toronto, 4 to 3
|
|
|